Pick #1

Connor Bedard
Pick #2

Leo Carlsson
Pick #3

Adam Fantilli
Pick #4

Matvei Michkov
Pick #5

David Reinbacher
Pick #6

William Smith
Pick #7

Zachary Benson
Pick #8

Ryan Leonard
Pick #9

Gabriel Perreault
Pick #10

Axel Sandin-Pellika
Pick #11

Daniil But
Pick #12

Dalibor Dvorsky
Pick #13

Quentin Musty
Pick #14

Brayden Yager
Pick #15

Dmitry Simashev
Pick #16

Colby Barlow
Pick #17

Andrew Cristall
Pick #18

Easton Cowan
Pick #19

Jacob Fowler
Pick #20

Oliver Moore
Pick #21

Oliver Bonk
Pick #22

Tom Willander
Pick #23

Calum Ritchie
Pick #24

Tanner Molendyk
Pick #25

Gavin Brindley
Pick #26

Nate Danielson
Pick #27

Pick #28

Pick #29

Pick #30

Pick #31

Pick #32

Pick #33

Pick #34

Pick #35

Pick #36

Pick #37

Pick #38

Pick #39

Pick #40

Pick #41

Pick #42

Pick #43

Pick #44

Pick #45

Pick #46

Pick #47

Pick #48

Pick #49

Pick #50

Pick #51

Pick #52

Pick #53

Pick #54

Pick #55

Pick #56

Pick #57

Pick #58

Pick #59

Pick #60

Pick #61

Pick #62

Pick #63

Pick #64

Pick #65

Pick #66

Pick #67

Pick #68

Pick #69

Pick #70

Pick #71

Pick #72

Pick #73

Pick #74

Pick #75

Pick #76

Pick #77

Pick #78

Pick #79

Pick #80

Pick #81

Pick #82

Pick #83

Pick #84

Pick #85

Pick #86

Pick #87

Pick #88

Pick #89

Pick #90

Pick #91

Pick #92

Pick #93

Pick #94

Pick #95

Pick #96

Pick #97

Pick #98

Pick #99

Pick #100

Pick #101

Pick #102

Pick #103

Pick #104

Pick #105

Pick #106

Pick #107

Pick #108

Pick #109

Pick #110

Pick #111

Pick #112

Pick #113

Pick #114

Pick #115

Pick #116

Pick #117

Pick #118

Pick #119

Pick #120

Pick #121

Pick #122

Pick #123

Pick #124

Pick #125

Pick #126

Pick #127

Pick #128

Pick #129

Pick #130

Full Scoreboard »»

Oilers vs Stars

Created - October 11, 2023 at 22:07

Goals
1 2 3 T
Oilers 0 1 1 2
Stars 0 1 0 1
Shots
1 2 3 T
Oilers 11 5 14 30
Stars 11 11 11 33

GoalsPenalties
1st period
No Goal
No Penalty
2nd period
1. Oilers , Sam Bennett 1 (Brock Boeser 1) at 5:28 (PP)
2. Stars , Evan Bouchard 1 (Matt Grzelcyk 1, Timo Meier 1) at 18:13 (PP)
Vladislav Gavrikov (EDM) for Interference (Minor) at 2:44
Evan Bouchard (DAL) for Hooking (Minor) at 5:18
Sam Bennett (EDM) for Hooking (Minor) at 13:54
Dylan Strome (EDM) for Roughing (Minor) at 16:15
3rd period
3. Oilers , Ryan Johansen 1 (Ondrej Palat 1) at 16:31 (PP)
Scott Mayfield (EDM) for Roughing (Minor) at 3:13
Matt Grzelcyk (DAL) for Close Hand On Puck (Minor) at 15:07
Goalie Stats
Philipp Grubauer (EDM), 32 saves from 33 shots - (0.970), W, 1-0-0, 60:00 minutes
Thatcher Demko (DAL), 28 saves from 30 shots - (0.933), L, 0-1-0, 59:02 minutes
3 StarsOfficial
1 - Philipp Grubauer (EDM)
2 - Ryan Johansen (EDM)
3 - Evan Bouchard (DAL)
Referees : Trevor Hanson and Chris Schlenker
Linesman : Derek Nansen and Ryan Daisy
Game Note
No Game Note
Finance
Level 1 -- Attendance: 3794 (63.23%) -- Ticket Income $663,950
Level 2 -- Attendance: 2807 (56.14%) -- Ticket Income $350,875
Level 3 -- Attendance: 1853 (92.65%) -- Ticket Income $220,507
Level 4 -- Attendance: 3006 (66.33%) -- Ticket Income $117,234
Luxury Box -- Attendance: 670 (67.00%) -- Ticket Income $201,000
Game was played at the American Airlines Center.
Total Attendance: 12130 (65.45%)
Total Ticket Income: $1,553,566
Other Income: $388,392
Total Income: $1,941,958



Team Name Goals Shots Shots Attemp Shots Blocked PIM HIT PP PK FO%
Oilers 23073168232 / 2 (100%)156%
Stars 13374124221 / 4 (25%)244%

Oilers
Player Name POS G A P +/- PIM HIT SHT SB MP PP MP PP SHT PK MP PK SHT FO% FOT
Adam LowryC000000005:170:0002:06060% 5
Alexander BarabanovLW0000012215:110:0001:2400% 0
Brandon HagelLW0000027025:060:4404:55055% 11
Brock BoeserRW0110002019:220:4401:440100% 3
Dylan StromeC0000222013:460:0000:00050% 16
Jakob SilfverbergRW000000103:110:0000:0000% 0
Jakub VoracekRW0000011013:470:0000:0000% 2
Jamie DrysdaleD0000030219:570:3403:1700% 0
Josh BaileyRW0000003017:290:5000:0000% 0
Mattias SamuelssonD0000020415:190:0001:5800% 0
Nikita ZaitsevD0000001213:350:0000:1400% 0
Ondrej PalatLW0110002017:290:5000:0000% 0
Paul StastnyC000000000:580:0000:2000% 0
Ryan JohansenC1010002019:130:5011:44056% 32
Ryan PulockD0000011326:261:0004:2200% 0
Sam BennettC1010223021:140:4423:37057% 28
Scott MayfieldD0000240019:170:3402:3800% 0
Vladislav GavrikovD0000253325:241:0013:2100% 0
Stars
Player Name POS G A P +/- PIM HIT SHT SB MP PP MP PP SHT PK MP PK SHT FO% FOT
Anton LundellC0000000111:470:1801:28033% 15
Carter VerhaegheC0000001020:303:3610:00043% 7
Elias LindholmC0000005221:014:0100:06046% 28
Evan BouchardD1010243126:013:3830:4400% 0
Gustav ForslingD0000021325:534:1710:5000% 0
Henri JokiharjuD0000010012:350:0000:4400% 0
Matt GrzelcykD0110200215:283:3800:0000% 0
Nazem KadriC0000006022:054:1940:00058% 24
Nick JensenD0000000117:000:0000:0000% 0
Noah CatesLW000000007:180:0001:2800% 1
Phil KesselRW0000011010:010:0000:0000% 0
Rickard RakellRW0000002010:010:0000:0000% 2
Sean DurziD0000011123:014:1700:5000% 0
Seth JarvisC000000105:500:0000:00050% 14
Tanner PearsonLW000002105:500:0000:000100% 1
Timo MeierRW0110024121:243:3600:0000% 1
Viktor ArvidssonRW0000013020:283:3610:0000% 2
Vincent TrocheckC0000084022:114:1910:0600% 2



Play-by-Play

1st period


0:01 of 1st period - Sam Bennett wins face-off versus Elias Lindholm in neutral zone.
0:39 of 1st period - Shot by Brock Boeser.
0:39 of 1st period - Shot Misses the Net.
0:41 of 1st period - Shot by Brandon Hagel.
0:41 of 1st period - Stopped by Thatcher Demko without a rebound.
0:42 of 1st period - Ryan Johansen wins face-off versus Nazem Kadri in Stars zone.
1:01 of 1st period - Shot by Josh Bailey.
1:01 of 1st period - Deflect By Ryan Johansen.
1:01 of 1st period - Shot Hit the Post.
1:03 of 1st period - Shot by Ondrej Palat.
1:03 of 1st period - Shot Blocked by Sean Durzi.
2:51 of 1st period - Shot by Brandon Hagel.
2:51 of 1st period - Shot Hit the Post.
2:57 of 1st period - Shot by Brandon Hagel.
2:57 of 1st period - Deflect By Brock Boeser.
2:57 of 1st period - Shot Misses the Net.
2:59 of 1st period - Shot by Ryan Pulock.
2:59 of 1st period - Stopped by Thatcher Demko without a rebound.
3:00 of 1st period - Adam Lowry wins face-off versus Seth Jarvis in Stars zone.
3:22 of 1st period - Shot by Noah Cates.
3:22 of 1st period - Shot Misses the Net.
3:35 of 1st period - Icing by Gustav Forsling.
3:36 of 1st period - Seth Jarvis wins face-off versus Ryan Johansen in Stars zone.
4:19 of 1st period - Tanner Pearson is hit by Vladislav Gavrikov and loses puck.
4:27 of 1st period - Icing by Vladislav Gavrikov.
4:28 of 1st period - Ryan Johansen wins face-off versus Elias Lindholm in Oilers zone.
5:03 of 1st period - Shot by Elias Lindholm.
5:03 of 1st period - Stopped by Philipp Grubauer with a rebound.
5:14 of 1st period - Icing by Ryan Pulock.
5:15 of 1st period - Ryan Johansen wins face-off versus Anton Lundell in Oilers zone.
5:24 of 1st period - Nick Jensen is hit by Vladislav Gavrikov and loses puck.
5:37 of 1st period - Shot by Anton Lundell.
5:37 of 1st period - Shot Misses the Net.
5:46 of 1st period - Icing by Ryan Johansen.
5:47 of 1st period - Ryan Johansen wins face-off versus Nazem Kadri in Oilers zone.
6:21 of 1st period - Shot by Brock Boeser.
6:21 of 1st period - Stopped by Thatcher Demko without a rebound.
6:22 of 1st period - Dylan Strome wins face-off versus Elias Lindholm in Stars zone.
6:37 of 1st period - Shot by Jakub Voracek.
6:37 of 1st period - Shot Misses the Net.
6:39 of 1st period - Shot by Alexander Barabanov.
6:39 of 1st period - Shot Misses the Net.
6:57 of 1st period - Shot by Dylan Strome.
6:57 of 1st period - Shot Misses the Net.
6:59 of 1st period - Shot by Alexander Barabanov.
6:59 of 1st period - Shot Misses the Net.
7:01 of 1st period - Shot by Jakub Voracek.
7:01 of 1st period - Deflect By Alexander Barabanov.
7:01 of 1st period - Shot Blocked by Timo Meier.
7:03 of 1st period - Shot by Jamie Drysdale.
7:03 of 1st period - Shot Blocked by Matt Grzelcyk.
7:07 of 1st period - Shot by Jakub Voracek.
7:07 of 1st period - Shot Blocked by Elias Lindholm.
8:31 of 1st period - Shot by Scott Mayfield.
8:31 of 1st period - Shot Misses the Net.
8:33 of 1st period - Shot by Adam Lowry.
8:33 of 1st period - Deflect By Jakob Silfverberg.
8:33 of 1st period - Shot Misses the Net.
8:47 of 1st period - Shot by Dylan Strome.
8:47 of 1st period - Shot Misses the Net.
8:49 of 1st period - Shot by Jakub Voracek.
8:49 of 1st period - Stopped by Thatcher Demko without a rebound.
8:50 of 1st period - Dylan Strome wins face-off versus Anton Lundell in Stars zone.
9:01 of 1st period - Shot by Alexander Barabanov.
9:01 of 1st period - Stopped by Thatcher Demko without a rebound.
9:02 of 1st period - Sam Bennett wins face-off versus Nazem Kadri in Stars zone.
9:04 of 1st period - Brock Boeser is hit by Gustav Forsling and loses puck.
9:13 of 1st period - Shot by Nazem Kadri.
9:13 of 1st period - Stopped by Philipp Grubauer without a rebound.
9:14 of 1st period - Anton Lundell wins face-off versus Jakub Voracek in Oilers zone.
9:36 of 1st period - Shot by Anton Lundell.
9:36 of 1st period - Shot Blocked by Mattias Samuelsson.
9:38 of 1st period - Shot by Sean Durzi.
9:38 of 1st period - Shot Blocked by Nikita Zaitsev.
9:40 of 1st period - Shot by Sean Durzi.
9:40 of 1st period - Stopped by Philipp Grubauer with a rebound.
10:21 of 1st period - Shot by Viktor Arvidsson.
10:21 of 1st period - Stopped by Philipp Grubauer without a rebound.
10:22 of 1st period - Seth Jarvis wins face-off versus Sam Bennett in Oilers zone.
10:32 of 1st period - Icing by Vladislav Gavrikov.
10:33 of 1st period - Nazem Kadri wins face-off versus Brandon Hagel in Oilers zone.
10:42 of 1st period - Shot by Vincent Trocheck.
10:42 of 1st period - Stopped by Philipp Grubauer without a rebound.
10:43 of 1st period - Nazem Kadri wins face-off versus Ryan Johansen in Oilers zone.
10:45 of 1st period - Viktor Arvidsson is hit by Vladislav Gavrikov and loses puck.
10:51 of 1st period - Icing by Vladislav Gavrikov.
10:52 of 1st period - Nazem Kadri wins face-off versus Ryan Johansen in Oilers zone.
11:27 of 1st period - Shot by Josh Bailey.
11:27 of 1st period - Stopped by Thatcher Demko without a rebound.
11:28 of 1st period - Sam Bennett wins face-off versus Anton Lundell in Stars zone.
11:55 of 1st period - Scott Mayfield is hit by Phil Kessel and loses puck.
12:06 of 1st period - Shot by Rickard Rakell.
12:06 of 1st period - Stopped by Philipp Grubauer without a rebound.
12:07 of 1st period - Ryan Johansen wins face-off versus Nazem Kadri in Oilers zone.
12:15 of 1st period - Icing by Gustav Forsling.
12:16 of 1st period - Ryan Johansen wins face-off versus Vincent Trocheck in Stars zone.
12:32 of 1st period - Ryan Johansen is hit by Gustav Forsling and loses puck.
12:38 of 1st period - Icing by Evan Bouchard.
12:39 of 1st period - Sam Bennett wins face-off versus Nazem Kadri in Stars zone.
12:43 of 1st period - Icing by Evan Bouchard.
12:44 of 1st period - Sam Bennett wins face-off versus Nazem Kadri in Stars zone.
12:51 of 1st period - Shot by Brandon Hagel.
12:51 of 1st period - Stopped by Thatcher Demko with a rebound.
12:53 of 1st period - Shot by Brandon Hagel.
12:53 of 1st period - Shot Misses the Net.
12:55 of 1st period - Shot by Vladislav Gavrikov.
12:55 of 1st period - Stopped by Thatcher Demko without a rebound.
12:56 of 1st period - Dylan Strome wins face-off versus Elias Lindholm in Stars zone.
14:14 of 1st period - Shot by Brandon Hagel.
14:14 of 1st period - Shot Misses the Net.
14:16 of 1st period - Shot by Brandon Hagel.
14:16 of 1st period - Stopped by Thatcher Demko without a rebound.
14:17 of 1st period - Ryan Johansen wins face-off versus Seth Jarvis in Stars zone.
14:20 of 1st period - Shot by Ryan Johansen.
14:20 of 1st period - Shot Blocked by Gustav Forsling.
14:22 of 1st period - Shot by Josh Bailey.
14:22 of 1st period - Shot Misses the Net.
14:24 of 1st period - Shot by Josh Bailey.
14:24 of 1st period - Deflect By Ondrej Palat.
14:24 of 1st period - Shot Blocked by Gustav Forsling.
14:26 of 1st period - Shot by Josh Bailey.
14:26 of 1st period - Stopped by Thatcher Demko with a rebound.
14:33 of 1st period - Ondrej Palat is hit by Evan Bouchard and loses puck.
14:36 of 1st period - Shot by Josh Bailey.
14:36 of 1st period - Stopped by Thatcher Demko without a rebound.
14:37 of 1st period - Nazem Kadri wins face-off versus Adam Lowry in Stars zone.
15:41 of 1st period - Shot by Anton Lundell.
15:41 of 1st period - Shot Blocked by Vladislav Gavrikov.
15:51 of 1st period - Icing by Anton Lundell.
15:52 of 1st period - Ryan Johansen wins face-off versus Anton Lundell in Stars zone.
15:59 of 1st period - Shot by Ryan Johansen.
15:59 of 1st period - Deflect By Ondrej Palat.
15:59 of 1st period - Shot Blocked by Evan Bouchard.
16:02 of 1st period - Icing by Evan Bouchard.
16:03 of 1st period - Anton Lundell wins face-off versus Dylan Strome in Stars zone.
16:03 of 1st period - Anton Lundell is hit by Jakub Voracek.
16:28 of 1st period - Shot by Anton Lundell.
16:28 of 1st period - Shot Misses the Net.
16:52 of 1st period - Shot by Timo Meier.
16:52 of 1st period - Stopped by Philipp Grubauer with a rebound.
16:54 of 1st period - Shot by Elias Lindholm.
16:54 of 1st period - Stopped by Philipp Grubauer without a rebound.
16:55 of 1st period - Seth Jarvis wins face-off versus Ryan Johansen in Oilers zone.
17:17 of 1st period - Icing by Josh Bailey.
17:18 of 1st period - Nazem Kadri wins face-off versus Ryan Johansen in Oilers zone.
18:14 of 1st period - Shot by Timo Meier.
18:14 of 1st period - Stopped by Philipp Grubauer without a rebound.
18:15 of 1st period - Elias Lindholm wins face-off versus Sam Bennett in Oilers zone.
18:24 of 1st period - Shot by Timo Meier.
18:24 of 1st period - Stopped by Philipp Grubauer without a rebound.
18:25 of 1st period - Sam Bennett wins face-off versus Seth Jarvis in Oilers zone.
18:31 of 1st period - Icing by Brock Boeser.
18:32 of 1st period - Elias Lindholm wins face-off versus Sam Bennett in Oilers zone.
18:35 of 1st period - Shot by Timo Meier.
18:35 of 1st period - Stopped by Philipp Grubauer without a rebound.
18:36 of 1st period - Sam Bennett wins face-off versus Elias Lindholm in Oilers zone.
18:41 of 1st period - Timo Meier is hit by Sam Bennett and loses puck.
18:57 of 1st period - Ryan Pulock is hit by Evan Bouchard.
19:13 of 1st period - Shot by Timo Meier.
19:13 of 1st period - Shot Blocked by Vladislav Gavrikov.
19:57 of 1st period - Vladislav Gavrikov is hit by Vincent Trocheck.
Goals for this period are 0 for Oilers vs 0 for Stars.
Shots for this period are 11 for Oilers vs 11 for Stars.

2nd period


0:01 of 2nd period - Sam Bennett wins face-off versus Seth Jarvis in neutral zone.
0:10 of 2nd period - Shot by Brandon Hagel.
0:10 of 2nd period - Stopped by Thatcher Demko without a rebound.
0:11 of 2nd period - Ryan Johansen wins face-off versus Nazem Kadri in Stars zone.
1:44 of 2nd period - Anton Lundell is hit by Vladislav Gavrikov and loses puck.
1:51 of 2nd period - Shot by Brandon Hagel.
1:51 of 2nd period - Shot Misses the Net.
1:53 of 2nd period - Shot by Brandon Hagel.
1:53 of 2nd period - Stopped by Thatcher Demko without a rebound.
1:54 of 2nd period - Elias Lindholm wins face-off versus Dylan Strome in Stars zone.
1:54 of 2nd period - Elias Lindholm is hit by Dylan Strome.
2:12 of 2nd period - Icing by Matt Grzelcyk.
2:13 of 2nd period - Elias Lindholm wins face-off versus Sam Bennett in Stars zone.
2:13 of 2nd period - Elias Lindholm is hit by Sam Bennett.
2:25 of 2nd period - Shot by Brandon Hagel.
2:25 of 2nd period - Shot Misses the Net.
2:32 of 2nd period - Carter Verhaeghe is hit by Ryan Pulock and loses puck.
2:42 of 2nd period - Henri Jokiharju is hit by Vladislav Gavrikov and loses puck.
2:44 of 2nd period - Minor Penalty to Vladislav Gavrikov for Interference.
2:45 of 2nd period - Elias Lindholm wins face-off versus Brandon Hagel in Oilers zone.
3:21 of 2nd period - Shot by Vincent Trocheck.
3:21 of 2nd period - Shot Misses the Net.
3:54 of 2nd period - Shot by Brock Boeser.
3:54 of 2nd period - Shot Misses the Net.
4:10 of 2nd period - Shot by Timo Meier.
4:10 of 2nd period - Shot Misses the Net.
4:42 of 2nd period - Shot by Nazem Kadri.
4:42 of 2nd period - Stopped by Philipp Grubauer without a rebound.
4:43 of 2nd period - Carter Verhaeghe wins face-off versus Brandon Hagel in Oilers zone.
5:09 of 2nd period - Off-side.
5:10 of 2nd period - Ryan Johansen wins face-off versus Rickard Rakell in neutral zone.
5:18 of 2nd period - Minor Penalty to Evan Bouchard for Hooking.
5:19 of 2nd period - Sam Bennett wins face-off versus Anton Lundell in Stars zone.
5:28 of 2nd period - Shot by Sam Bennett.
5:28 of 2nd period - Goal by Sam Bennett - Oilers : 1 - Stars : 0.
5:29 of 2nd period - Nazem Kadri wins face-off versus Ryan Johansen in neutral zone.
5:41 of 2nd period - Shot by Ryan Johansen.
5:41 of 2nd period - Stopped by Thatcher Demko with a rebound.
5:58 of 2nd period - Shot by Vincent Trocheck.
5:58 of 2nd period - Shot Blocked by Nikita Zaitsev.
6:00 of 2nd period - Shot by Sean Durzi.
6:00 of 2nd period - Shot Misses the Net.
6:02 of 2nd period - Shot by Vincent Trocheck.
6:02 of 2nd period - Stopped by Philipp Grubauer without a rebound.
6:03 of 2nd period - Elias Lindholm wins face-off versus Sam Bennett in Oilers zone.
6:24 of 2nd period - Brandon Hagel is hit by Timo Meier and loses puck.
7:05 of 2nd period - Carter Verhaeghe is hit by Jamie Drysdale and loses puck.
7:34 of 2nd period - Shot by Viktor Arvidsson.
7:34 of 2nd period - Shot Misses the Net.
7:36 of 2nd period - Shot by Nazem Kadri.
7:36 of 2nd period - Shot Blocked by Jamie Drysdale.
7:43 of 2nd period - Vincent Trocheck is hit by Jamie Drysdale.
7:59 of 2nd period - Nikita Zaitsev is hit by Vincent Trocheck and loses puck.
8:31 of 2nd period - Shot by Josh Bailey.
8:31 of 2nd period - Shot Blocked by Matt Grzelcyk.
8:33 of 2nd period - Shot by Ryan Johansen.
8:33 of 2nd period - Shot Misses the Net.
8:35 of 2nd period - Shot by Nikita Zaitsev.
8:35 of 2nd period - Shot Misses the Net.
8:37 of 2nd period - Shot by Ondrej Palat.
8:37 of 2nd period - Shot Misses the Net.
8:55 of 2nd period - Icing by Ryan Pulock.
8:56 of 2nd period - Adam Lowry wins face-off versus Seth Jarvis in Oilers zone.
9:05 of 2nd period - Shot by Brandon Hagel.
9:05 of 2nd period - Deflect By Jakob Silfverberg.
9:05 of 2nd period - Stopped by Thatcher Demko without a rebound.
9:06 of 2nd period - Sam Bennett wins face-off versus Elias Lindholm in Stars zone.
9:34 of 2nd period - Icing by Scott Mayfield.
9:35 of 2nd period - Nazem Kadri wins face-off versus Sam Bennett in Oilers zone.
9:38 of 2nd period - Shot by Vincent Trocheck.
9:38 of 2nd period - Shot Misses the Net.
9:42 of 2nd period - Shot by Vincent Trocheck.
9:42 of 2nd period - Shot Misses the Net.
10:43 of 2nd period - Icing by Gustav Forsling.
10:44 of 2nd period - Elias Lindholm wins face-off versus Ryan Johansen in Stars zone.
10:48 of 2nd period - Off-side.
10:49 of 2nd period - Tanner Pearson wins face-off versus Ryan Johansen in neutral zone.
11:10 of 2nd period - Shot by Seth Jarvis.
11:10 of 2nd period - Stopped by Philipp Grubauer without a rebound.
11:11 of 2nd period - Elias Lindholm wins face-off versus Dylan Strome in Oilers zone.
11:29 of 2nd period - Shot by Elias Lindholm.
11:29 of 2nd period - Stopped by Philipp Grubauer without a rebound.
11:30 of 2nd period - Anton Lundell wins face-off versus Ryan Johansen in Oilers zone.
11:37 of 2nd period - Shot by Phil Kessel.
11:37 of 2nd period - Shot Blocked by Ryan Pulock.
11:55 of 2nd period - Shot by Rickard Rakell.
11:55 of 2nd period - Shot Misses the Net.
12:07 of 2nd period - Shot by Ondrej Palat.
12:07 of 2nd period - Shot Blocked by Nick Jensen.
12:34 of 2nd period - Icing by Mattias Samuelsson.
12:35 of 2nd period - Dylan Strome wins face-off versus Elias Lindholm in Oilers zone.
12:54 of 2nd period - Shot by Nikita Zaitsev.
12:54 of 2nd period - Shot Blocked by Gustav Forsling.
13:23 of 2nd period - Icing by Gustav Forsling.
13:24 of 2nd period - Sam Bennett wins face-off versus Elias Lindholm in Stars zone.
13:43 of 2nd period - Icing by Ryan Pulock.
13:44 of 2nd period - Sam Bennett wins face-off versus Nazem Kadri in Oilers zone.
13:51 of 2nd period - Shot by Brandon Hagel.
13:51 of 2nd period - Shot Misses the Net.
13:54 of 2nd period - Minor Penalty to Sam Bennett for Hooking.
13:55 of 2nd period - Brandon Hagel wins face-off versus Vincent Trocheck in Oilers zone.
15:04 of 2nd period - Shot by Carter Verhaeghe.
15:04 of 2nd period - Shot Misses the Net.
15:06 of 2nd period - Shot by Matt Grzelcyk.
15:06 of 2nd period - Shot Misses the Net.
15:08 of 2nd period - Shot by Evan Bouchard.
15:08 of 2nd period - Shot Blocked by Alexander Barabanov.
15:10 of 2nd period - Shot by Timo Meier.
15:10 of 2nd period - Deflect By Carter Verhaeghe.
15:10 of 2nd period - Stopped by Philipp Grubauer without a rebound.
15:11 of 2nd period - Carter Verhaeghe wins face-off versus Adam Lowry in Oilers zone.
15:20 of 2nd period - Shot by Timo Meier.
15:20 of 2nd period - Shot Misses the Net.
15:22 of 2nd period - Shot by Timo Meier.
15:22 of 2nd period - Shot Misses the Net.
15:24 of 2nd period - Shot by Viktor Arvidsson.
15:24 of 2nd period - Shot Blocked by Alexander Barabanov.
15:26 of 2nd period - Shot by Evan Bouchard.
15:26 of 2nd period - Stopped by Philipp Grubauer without a rebound.
15:27 of 2nd period - Elias Lindholm wins face-off versus Brandon Hagel in Oilers zone.
15:28 of 2nd period - Shot by Matt Grzelcyk.
15:28 of 2nd period - Shot Blocked by Vladislav Gavrikov.
15:30 of 2nd period - Shot by Vincent Trocheck.
15:30 of 2nd period - Shot Misses the Net.
15:32 of 2nd period - Shot by Matt Grzelcyk.
15:32 of 2nd period - Shot Blocked by Ryan Pulock.
15:34 of 2nd period - Shot by Vincent Trocheck.
15:34 of 2nd period - Shot Blocked by Ryan Pulock.
15:40 of 2nd period - Shot by Vincent Trocheck.
15:40 of 2nd period - Stopped by Philipp Grubauer without a rebound.
15:41 of 2nd period - Brandon Hagel wins face-off versus Carter Verhaeghe in Oilers zone.
16:05 of 2nd period - Icing by Noah Cates.
16:06 of 2nd period - Seth Jarvis wins face-off versus Ryan Johansen in Stars zone.
16:13 of 2nd period - Icing by Sean Durzi.
16:14 of 2nd period - Seth Jarvis wins face-off versus Dylan Strome in Stars zone.
16:14 of 2nd period - Seth Jarvis is hit by Alexander Barabanov.
16:15 of 2nd period - Minor Penalty to Dylan Strome for Roughing.
16:16 of 2nd period - Brandon Hagel wins face-off versus Elias Lindholm in Oilers zone.
16:31 of 2nd period - Shot by Gustav Forsling.
16:31 of 2nd period - Stopped by Philipp Grubauer with a rebound.
16:33 of 2nd period - Shot by Sean Durzi.
16:33 of 2nd period - Shot Misses the Net.
16:35 of 2nd period - Shot by Nazem Kadri.
16:35 of 2nd period - Stopped by Philipp Grubauer without a rebound.
16:36 of 2nd period - Brandon Hagel wins face-off versus Carter Verhaeghe in Oilers zone.
17:45 of 2nd period - Icing by Elias Lindholm.
17:46 of 2nd period - Elias Lindholm wins face-off versus Brandon Hagel in Stars zone.
18:01 of 2nd period - Shot by Vincent Trocheck.
18:01 of 2nd period - Deflect By Nazem Kadri.
18:01 of 2nd period - Stopped by Philipp Grubauer without a rebound.
18:02 of 2nd period - Brock Boeser wins face-off versus Carter Verhaeghe in Oilers zone.
18:13 of 2nd period - Shot by Evan Bouchard.
18:13 of 2nd period - Goal by Evan Bouchard - Oilers : 1 - Stars : 1.
18:14 of 2nd period - Seth Jarvis wins face-off versus Jakub Voracek in neutral zone.
18:47 of 2nd period - Noah Cates is hit by Mattias Samuelsson and loses puck.
18:51 of 2nd period - Tanner Pearson is hit by Mattias Samuelsson and loses puck.
19:11 of 2nd period - Icing by Nikita Zaitsev.
19:12 of 2nd period - Nazem Kadri wins face-off versus Dylan Strome in Oilers zone.
19:26 of 2nd period - Alexander Barabanov is hit by Evan Bouchard and loses puck.
19:53 of 2nd period - Shot by Sam Bennett.
19:53 of 2nd period - Shot Misses the Net.
Goals for this period are 1 for Oilers vs 1 for Stars.
Shots for this period are 5 for Oilers vs 11 for Stars.

3rd period


0:01 of 3rd period - Sam Bennett wins face-off versus Elias Lindholm in neutral zone.
0:12 of 3rd period - Shot by Elias Lindholm.
0:12 of 3rd period - Stopped by Philipp Grubauer without a rebound.
0:13 of 3rd period - Ryan Johansen wins face-off versus Viktor Arvidsson in Oilers zone.
0:20 of 3rd period - Shot by Ondrej Palat.
0:20 of 3rd period - Stopped by Thatcher Demko without a rebound.
0:21 of 3rd period - Nazem Kadri wins face-off versus Sam Bennett in Stars zone.
0:30 of 3rd period - Ryan Pulock is hit by Vincent Trocheck and loses puck.
0:38 of 3rd period - Brock Boeser is hit by Vincent Trocheck and loses puck.
0:43 of 3rd period - Evan Bouchard is hit by Brandon Hagel and loses puck.
0:50 of 3rd period - Shot by Brandon Hagel.
0:50 of 3rd period - Stopped by Thatcher Demko without a rebound.
0:51 of 3rd period - Carter Verhaeghe wins face-off versus Ryan Johansen in Stars zone.
1:02 of 3rd period - Shot by Timo Meier.
1:02 of 3rd period - Deflect By Elias Lindholm.
1:02 of 3rd period - Shot Misses the Net.
1:04 of 3rd period - Shot by Elias Lindholm.
1:04 of 3rd period - Stopped by Philipp Grubauer without a rebound.
1:05 of 3rd period - Dylan Strome wins face-off versus Anton Lundell in Oilers zone.
1:09 of 3rd period - Mattias Samuelsson is hit by Sean Durzi and loses puck.
1:30 of 3rd period - Shot by Alexander Barabanov.
1:30 of 3rd period - Shot Misses the Net.
1:36 of 3rd period - Shot by Alexander Barabanov.
1:36 of 3rd period - Shot Misses the Net.
1:38 of 3rd period - Shot by Nikita Zaitsev.
1:38 of 3rd period - Stopped by Thatcher Demko without a rebound.
1:39 of 3rd period - Elias Lindholm wins face-off versus Sam Bennett in Stars zone.
2:15 of 3rd period - Shot by Timo Meier.
2:15 of 3rd period - Shot Misses the Net.
2:34 of 3rd period - Timo Meier is hit by Jamie Drysdale and loses puck.
2:46 of 3rd period - Viktor Arvidsson is hit by Scott Mayfield.
2:53 of 3rd period - Nazem Kadri is hit by Scott Mayfield.
3:03 of 3rd period - Scott Mayfield is hit by Vincent Trocheck and loses puck.
3:13 of 3rd period - Minor Penalty to Scott Mayfield for Roughing.
3:14 of 3rd period - Brandon Hagel wins face-off versus Elias Lindholm in Oilers zone.
3:23 of 3rd period - Shot by Elias Lindholm.
3:23 of 3rd period - Deflect By Nazem Kadri.
3:23 of 3rd period - Stopped by Philipp Grubauer without a rebound.
3:24 of 3rd period - Brandon Hagel wins face-off versus Carter Verhaeghe in Oilers zone.
3:24 of 3rd period - Sam Bennett is hit by Timo Meier and loses puck.
3:33 of 3rd period - Shot by Viktor Arvidsson.
3:33 of 3rd period - Stopped by Philipp Grubauer with a rebound.
4:13 of 3rd period - Shot by Evan Bouchard.
4:13 of 3rd period - Stopped by Philipp Grubauer without a rebound.
4:14 of 3rd period - Brock Boeser wins face-off versus Elias Lindholm in Oilers zone.
4:14 of 3rd period - Brock Boeser is hit by Vincent Trocheck.
4:50 of 3rd period - Shot by Evan Bouchard.
4:50 of 3rd period - Shot Misses the Net.
5:10 of 3rd period - Mattias Samuelsson is hit by Viktor Arvidsson and loses puck.
5:27 of 3rd period - Shot by Dylan Strome.
5:27 of 3rd period - Stopped by Thatcher Demko with a rebound.
6:04 of 3rd period - Icing by Jakub Voracek.
6:05 of 3rd period - Dylan Strome wins face-off versus Seth Jarvis in Oilers zone.
6:05 of 3rd period - Dylan Strome is hit by Tanner Pearson.
6:16 of 3rd period - Icing by Evan Bouchard.
6:17 of 3rd period - Seth Jarvis wins face-off versus Ryan Johansen in Stars zone.
6:33 of 3rd period - Icing by Ryan Johansen.
6:34 of 3rd period - Nazem Kadri wins face-off versus Ryan Johansen in Oilers zone.
6:35 of 3rd period - Shot by Viktor Arvidsson.
6:35 of 3rd period - Stopped by Philipp Grubauer without a rebound.
6:36 of 3rd period - Nazem Kadri wins face-off versus Sam Bennett in Oilers zone.
7:02 of 3rd period - Shot by Brandon Hagel.
7:02 of 3rd period - Shot Misses the Net.
7:04 of 3rd period - Shot by Brandon Hagel.
7:04 of 3rd period - Stopped by Thatcher Demko with a rebound.
7:06 of 3rd period - Shot by Vladislav Gavrikov.
7:06 of 3rd period - Shot Hit the Post.
7:16 of 3rd period - Shot by Sam Bennett.
7:16 of 3rd period - Shot Misses the Net.
7:18 of 3rd period - Shot by Vladislav Gavrikov.
7:18 of 3rd period - Stopped by Thatcher Demko without a rebound.
7:19 of 3rd period - Ryan Johansen wins face-off versus Elias Lindholm in Stars zone.
7:19 of 3rd period - Scott Mayfield is hit by Evan Bouchard and loses puck.
7:30 of 3rd period - Shot by Elias Lindholm.
7:30 of 3rd period - Deflect By Carter Verhaeghe.
7:30 of 3rd period - Shot Misses the Net.
7:51 of 3rd period - Shot by Elias Lindholm.
7:51 of 3rd period - Shot Misses the Net.
7:53 of 3rd period - Shot by Gustav Forsling.
7:53 of 3rd period - Shot Misses the Net.
8:23 of 3rd period - Nick Jensen is hit by Dylan Strome and loses puck.
8:46 of 3rd period - Shot by Dylan Strome.
8:46 of 3rd period - Stopped by Thatcher Demko without a rebound.
8:47 of 3rd period - Nazem Kadri wins face-off versus Sam Bennett in Stars zone.
8:58 of 3rd period - Shot by Vincent Trocheck.
8:58 of 3rd period - Stopped by Philipp Grubauer without a rebound.
8:59 of 3rd period - Adam Lowry wins face-off versus Noah Cates in Oilers zone.
8:59 of 3rd period - Adam Lowry is hit by Tanner Pearson.
9:16 of 3rd period - Icing by Matt Grzelcyk.
9:17 of 3rd period - Dylan Strome wins face-off versus Seth Jarvis in Stars zone.
9:28 of 3rd period - Shot by Tanner Pearson.
9:28 of 3rd period - Stopped by Philipp Grubauer without a rebound.
9:29 of 3rd period - Nazem Kadri wins face-off versus Sam Bennett in Oilers zone.
10:07 of 3rd period - Shot by Brock Boeser.
10:07 of 3rd period - Stopped by Thatcher Demko without a rebound.
10:08 of 3rd period - Ryan Johansen wins face-off versus Elias Lindholm in Stars zone.
10:14 of 3rd period - Icing by Elias Lindholm.
10:15 of 3rd period - Ryan Johansen wins face-off versus Elias Lindholm in Stars zone.
10:42 of 3rd period - Shot by Ondrej Palat.
10:42 of 3rd period - Deflect By Ryan Johansen.
10:42 of 3rd period - Shot Blocked by Elias Lindholm.
11:23 of 3rd period - Off-side.
11:24 of 3rd period - Nazem Kadri wins face-off versus Dylan Strome in neutral zone.
11:41 of 3rd period - Shot by Viktor Arvidsson.
11:41 of 3rd period - Shot Blocked by Mattias Samuelsson.
11:43 of 3rd period - Shot by Viktor Arvidsson.
11:43 of 3rd period - Shot Blocked by Mattias Samuelsson.
11:45 of 3rd period - Shot by Gustav Forsling.
11:45 of 3rd period - Shot Blocked by Mattias Samuelsson.
12:01 of 3rd period - Shot by Nazem Kadri.
12:01 of 3rd period - Stopped by Philipp Grubauer without a rebound.
12:02 of 3rd period - Anton Lundell wins face-off versus Sam Bennett in Oilers zone.
12:09 of 3rd period - Shot by Anton Lundell.
12:09 of 3rd period - Deflect By Phil Kessel.
12:09 of 3rd period - Stopped by Philipp Grubauer without a rebound.
12:10 of 3rd period - Brock Boeser wins face-off versus Rickard Rakell in Oilers zone.
12:47 of 3rd period - Shot by Rickard Rakell.
12:47 of 3rd period - Stopped by Philipp Grubauer without a rebound.
12:48 of 3rd period - Elias Lindholm wins face-off versus Ryan Johansen in Oilers zone.
12:50 of 3rd period - Timo Meier is hit by Scott Mayfield and loses puck.
13:11 of 3rd period - Shot by Timo Meier.
13:11 of 3rd period - Shot Misses the Net.
13:13 of 3rd period - Shot by Gustav Forsling.
13:13 of 3rd period - Shot Blocked by Jamie Drysdale.
13:15 of 3rd period - Shot by Elias Lindholm.
13:15 of 3rd period - Shot Misses the Net.
13:20 of 3rd period - Icing by Scott Mayfield.
13:21 of 3rd period - Ryan Johansen wins face-off versus Viktor Arvidsson in Oilers zone.
13:21 of 3rd period - Ryan Johansen is hit by Vincent Trocheck.
13:29 of 3rd period - Shot by Ondrej Palat.
13:29 of 3rd period - Stopped by Thatcher Demko with a rebound.
13:38 of 3rd period - Nazem Kadri is hit by Scott Mayfield and loses puck.
14:09 of 3rd period - Nazem Kadri is hit by Brandon Hagel and loses puck.
14:25 of 3rd period - Shot by Sam Bennett.
14:25 of 3rd period - Stopped by Thatcher Demko without a rebound.
14:26 of 3rd period - Elias Lindholm wins face-off versus Dylan Strome in Stars zone.
14:41 of 3rd period - Shot by Dylan Strome.
14:41 of 3rd period - Shot Misses the Net.
14:53 of 3rd period - Shot by Alexander Barabanov.
14:53 of 3rd period - Stopped by Thatcher Demko without a rebound.
14:54 of 3rd period - Sam Bennett wins face-off versus Anton Lundell in Stars zone.
14:54 of 3rd period - Sam Bennett is hit by Henri Jokiharju.
15:07 of 3rd period - Minor Penalty to Matt Grzelcyk for Close Hand On Puck.
15:08 of 3rd period - Ryan Johansen wins face-off versus Anton Lundell in Stars zone.
15:09 of 3rd period - Shot by Ryan Pulock.
15:09 of 3rd period - Shot Misses the Net.
15:11 of 3rd period - Shot by Ryan Pulock.
15:11 of 3rd period - Shot Misses the Net.
15:21 of 3rd period - Shot by Ryan Pulock.
15:21 of 3rd period - Deflect By Ryan Johansen.
15:21 of 3rd period - Shot Blocked by Anton Lundell.
15:23 of 3rd period - Shot by Vladislav Gavrikov.
15:23 of 3rd period - Stopped by Thatcher Demko without a rebound.
15:24 of 3rd period - Sam Bennett wins face-off versus Anton Lundell in Stars zone.
15:25 of 3rd period - Shot by Jamie Drysdale.
15:25 of 3rd period - Shot Misses the Net.
15:57 of 3rd period - Shot by Sam Bennett.
15:57 of 3rd period - Stopped by Thatcher Demko without a rebound.
15:58 of 3rd period - Ryan Johansen wins face-off versus Anton Lundell in Stars zone.
16:31 of 3rd period - Shot by Ryan Johansen.
16:31 of 3rd period - Goal by Ryan Johansen - Oilers : 2 - Stars : 1.
16:32 of 3rd period - Sam Bennett wins face-off versus Nazem Kadri in neutral zone.
17:43 of 3rd period - Icing by Timo Meier.
17:44 of 3rd period - Ryan Johansen wins face-off versus Timo Meier in Stars zone.
18:48 of 3rd period - Icing by Sean Durzi.
18:49 of 3rd period - Anton Lundell wins face-off versus Dylan Strome in Stars zone.
19:02 of 3rd period - Stars, Thatcher Demko is pulled from the net.
19:05 of 3rd period - Icing by Alexander Barabanov.
19:06 of 3rd period - Dylan Strome wins face-off versus Nazem Kadri in Oilers zone.
19:06 of 3rd period - Dylan Strome is hit by Vincent Trocheck.
19:58 of 3rd period - Shot by Timo Meier.
19:58 of 3rd period - Shot Misses the Net.
Goals for this period are 1 for Oilers vs 0 for Stars.
Shots for this period are 14 for Oilers vs 11 for Stars.